 Dungeon Crawl Stone Soup version 0.14-a0-2691-g997c442 (webtiles) character file.

270781 Neoxx the Eclecticist (level 19, -8/131 HPs)
             Began as a Demonspawn Wanderer on Feb 16, 2014.
             Was the Champion of Kikubaaqudgha.
             Mangled by an ettin simulacrum (16 damage)
             ... led by a necromancer
             ... on Level 1 of the Depths on Feb 18, 2014.
             The game lasted 08:17:11 (47874 turns).

Neoxx the Eclecticist (Demonspawn Wanderer)        Turns: 47874, Time: 08:17:11

HP  -8/131       AC 18     Str 18      XL: 19   Next: 33%
MP  23/40        EV 16     Int 27      God: Kikubaaqudgha [******]
Gold 4250        SH 29     Dex 13      Spells: 14 memorised,  1 level left

rFire  + . .     SeeInvis +     a - +7,+8 falchion "Fidyes Hoti" {speed, rN+ SInv Stlth+}
rCold  + . .     Clarity  .     e - +5 mottled dragon armour
rNeg   + . .     Conserve .     C - +2 shield
rPois  +         rCorr    .     (helmet restricted)
rElec  .         rRot     .     n - +1 dwarf cloak {rPois}
SustAb + .       Spirit   .     E - +1 pair of gloves {Dex+3}
rMut   .         Warding  .     z - +0 pair of boots of the Lily {rC+ Int-1}
Saprov . . .     Stasis   .     I - amulet "Rouxof Enipp" {Faith Dex-2 Int+2}
MR     +....                    g - ring of protection from fire
                                X - ring "Ramawnicri" {SustAb Int+4}

@: repel missiles, regenerating, mighty, studying Shields, somewhat resistant to
hostile enchantments, quite stealthy
A: horns 2, repulsion field 2, powered by pain 2, spiny 3, spit poison 1
a: Spit Poison, Receive Corpses, Torment, Renounce Religion
}: 2/15 runes: serpentine, barnacled


You were on level 1 of the Depths.
You worshipped Kikubaaqudgha.
Kikubaaqudgha was exalted by your worship.
You were full.

You visited 7 branches of the dungeon, and saw 42 of its levels.
You visited the Abyss 1 time.
You also visited: Labyrinth.

You collected 5725 gold pieces.
You spent 1475 gold pieces at shops.

Inventory:

Hand weapons
 a - the +7,+8 falchion "Fidyes Hoti" (weapon) {speed, rN+ SInv Stlth+}
   (You found it on level 6 of the Dungeon)

   Attacks with this weapon are significantly faster, but cause slightly less
   damage.
   It protects you from negative energy.
   It enhances your eyesight.
   It makes you much more stealthy.
 b - a +2,+1 demon trident of electrocution
 i - the +7,+1 trident of Sudden Death {pierce, Hunger+ rElec rPois SInv}
   (You found it on level 4 of the Dungeon)

   It inflicts extra damage upon your enemies.
   It insulates you from electricity.
   It protects you from poison.
   It enhances your eyesight.
   It greatly speeds your metabolism.
Armour
 e - a +5 mottled dragon armour (worn)
 n - a +1 dwarven cloak of poison resistance (worn)
 z - the +0 pair of boots of the Lily (worn) {rC+ Int-1}
   (You found it on level 5 of the Snake Pit)

   It affects your intelligence (-1).
   It protects you from cold.
 C - a +2 shield (worn)
 E - a +1 pair of gloves of dexterity (worn)
Magical devices
 h - a wand of heal wounds (5)
 m - a wand of digging (12)
 o - a wand of fire (0)
 p - a wand of fireball (1)
 s - a wand of disintegration (9)
 A - a wand of teleportation (8)
 N - a wand of digging (5)
 Y - a wand of hasting (2)
Comestibles
 d - 3 bread rations
Scrolls
 l - 7 scrolls of remove curse
 t - 3 scrolls of blinking
 x - a scroll of amnesia
 M - a scroll of brand weapon {unknown}
 O - 4 scrolls of fear
 P - a scroll of fog
 T - a scroll of teleportation
 W - 6 scrolls of identify
Jewellery
 g - a ring of protection from fire (right hand)
 r - an uncursed amulet of resist corrosion
 u - an uncursed ring of protection from cold
 w - an uncursed ring of see invisible
 y - an uncursed ring of protection from magic
 B - an uncursed ring of teleport control
 G - an uncursed ring of teleportation
 I - the amulet "Rouxof Enipp" (around neck) {Faith Dex-2 Int+2}
   (You found it on level 5 of the Dungeon)

   [amulet of faith]

   It affects your intelligence (+2).
   It affects your dexterity (-2).
 K - an uncursed ring of flight
 L - an uncursed ring of invisibility
 Q - an uncursed ring of protection from magic
 X - the ring "Ramawnicri" (left hand) {SustAb Int+4}
   (You found it on level 5 of the Shoals)

   [ring of sustain abilities]

   It affects your intelligence (+4).
Potions
 j - 4 potions of curing
 J - a potion of invisibility
Books
 S - a manual of Shields
Magical staves
 c - an uncursed staff of death
 v - an uncursed staff of wizardry {unknown}
Miscellaneous
 k - a lamp of fire
 q - a sack of spiders
 H - a stone of tremors
 V - a fan of gales


   Skills:
 - Level 6.9 Fighting
 - Level 14.0 Long Blades
 - Level 6.3 Armour
 - Level 6.1 Dodging
 - Level 5.0 Stealth
 + Level 14.4 Shields
 - Level 16.1 Spellcasting
 - Level 9.7 Conjurations
   Level 1.0 Hexes
 + Level 3.3 Charms
   Level 2.1 Summonings
 - Level 14.7 Necromancy
 - Level 2.0 Translocations
 - Level 5.5 Ice Magic
 - Level 5.3 Air Magic
 - Level 3.0 Poison Magic
   Level 1.2 Invocations
 - Level 5.0 Evocations


You had one spell level left.
You knew the following spells:

 Your Spells              Type           Power        Failure   Level  Hunger
a - Magic Dart            Conj           ####         1%          1    None
b - Simulacrum            Ice/Necr       ######....   8%          6    ###....
c - Blink                 Tloc           N/A          1%          2    None
d - Mephitic Cloud        Conj/Pois/Air  ######..     1%          3    None
e - Vampiric Draining     Necr           #######...   0%          3    None
f - Apportation           Tloc           ####......   1%          1    None
g - Bolt of Draining      Conj/Necr      ######....   1%          5    None
h - Dispel Undead         Necr           #######.     1%          5    None
i - Animate Dead          Necr           N/A          1%          4    None
j - Freezing Cloud        Conj/Ice/Air   ######....   24%         6    ###....
k - Haste                 Chrm           #####...     89%         6    ###....
r - Regeneration          Chrm/Necr      ######....   1%          3    None
t - Repel Missiles        Chrm/Air       #####.       1%          2    None
x - Sublimation of Blood  Necr           #######...   0%          2    None


Dungeon Overview and Level Annotations

Branches:
Dungeon (16/16)            Temple (0/1) D:5             Orc (4/4) D:11
    Elf (3/3) Orc:3          Lair (8/8) D:10         Shoals (5/5) Lair:4
  Snake (5/5) Lair:3        Slime (0/6) Lair:7       Vaults (0/5) D:15
 Depths (1/6) D:16

Altars:
Ashenzari
Elyvilon
Kikubaaqudgha
Makhleb
Okawaru
Sif Muna
Trog
Vehumet
Xom
Yredelemnul
Jiyva

Shops:
D:5 }   D:9 /   D:12 ?   Orc:2 [   Orc:4 [=**   Elf:2 !   Elf:3 /   Shoals:3 %
Shoals:4 *

Portals:
Abyss: Depths:1

Annotations:
D:13 exclusion: silver statue


Innate Abilities, Weirdness & Mutations

You have a pair of horns on your head.
You are surrounded by a moderate repulsion field (EV +3).
You sometimes gain power by taking damage.
You are completely covered in sharp spines.
You can spit poison.


Message History

The ettin simulacrum freezes you! You resist.
You focus on the pain.
You feel your power returning.
You block the ettin simulacrum's attack.
You slash the ettin simulacrum! You headbutt the ettin simulacrum.
You hit the ettin simulacrum but do no damage.
You headbutt the ettin simulacrum, but do no damage.
You hit the ettin simulacrum but do no damage.
You headbutt the ettin simulacrum. You hit the ettin simulacrum.
You slash the ettin simulacrum!
You headbutt the ettin simulacrum, but do no damage.
The ettin simulacrum hits you! The ettin simulacrum freezes you! You resist.
* * * LOW HITPOINT WARNING * * *
The ettin simulacrum hits you!
* * * LOW HITPOINT WARNING * * *
You focus on the pain.
You feel very mighty all of a sudden. The ettin simulacrum freezes you!
You resist.
You die...
Kikubaaqudgha rasps: "You have failed me!
Welcome... death!"

########).#..#
#.%Z.z.....#
#.####∩.##[#
#.# #.......
#.# #..######
#.# #.# #.#
#..#
###.###.##.#?.
#....).zZ@.#..
#.#####.##.##.
...# .# ...###
.# ###. .# #
.# ##


You could see an ettin simulacrum and an elf zombie.

Vanquished Creatures
  2 deep elf master archers (Elf:3)
  A tentacled starspawn (Abyss:1)
  2 deep elf blademasters
  Rupert (Shoals:1)
  The ghost of wojtek the Unseen, a mighty KoAs of Dithmenos (Snake:2)
  Roxanne (Shoals:1)
  Kirke (D:16)
  Donald (Shoals:1)
  10 greater nagas
  3 deep elf sorcerers (Elf:3)
  Ilsuiw (Shoals:5)
  8 deep elf demonologists
  Louise (D:15)
  5 deep elf annihilators (Elf:3)
  2 merfolk javelineers (Shoals:5)
  4 vault guards
  9 deep elf death magi (Elf:3)
  A merfolk impaler (Shoals:5)
  A fire dragon (Lair:8)
  A siren (Shoals:3)
  2 merfolk aquamancers (Shoals:5)
  7 naga warriors
  4 anacondas
  Fannar (D:10)
  Snorg (D:14)
  A minotaur (Lab)
  2 deep elf high priests (Elf:3)
  The ghost of mopl the Bringer of Life, a powerful DjHe of Elyvilon (Lair:5)
  11 hydras
  2 spectral elves (Elf:3)
  2 alligator snapping turtles
  A satyr (Shoals:4)
  A rakshasa (D:14)
  A thrashing horror (Abyss:1)
  Erica (Lair:4)
  5 centaur warriors
  2 catoblepae
  A soul eater (D:13)
  7 shock serpents
  2 orc high priests (Orc:4)
  A spriggan zombie (Depths:1)
  9 deep elf knights
  5 naga ritualists
  4 large abominations (Abyss:1)
  6 sea snakes
  7 deep elf summoners
  7 hill giants
  2 wizards (D:16)
  3 unseen horrors
  A harpy (Shoals:2)
  A wolf spider zombie (D:16)
  6 cyclopes
  9 deep elf conjurers
  6 mana vipers
  2 necromancers
  9 griffons
  An orc knight (Orc:3)
  4 manticores
  A fire giant zombie (D:16)
  2 salamander mystics
  9 slime creatures
  5 orc sorcerers (Orc:4)
  2 water nymphs
  A worldbinder (Abyss:1)
  29 black mambas
  Maurice (D:8)
  2 octopodes
  6 elephants
  8 salamanders
  6 naga magi
  4 guardian serpents
  An item mimic (Lair:2)
  4 feature mimics
  3 fauns
  3 mermaids
  A yaktaur (D:15)
  8 spiny frogs
  Psyche (D:8)
  14 merfolk
  A raiju (Abyss:1)
  3 spriggans (Lair:3)
  7 deep elf priests
  A centaur zombie (D:14)
  2 polar bears (Lair:8)
  A wandering mushroom (Lab)
  A wind drake (Shoals:5)
  3 centaur skeletons
  6 komodo dragons
  3 trolls
  18 blink frogs
  5 fire drakes
  A giant firefly (shapeshifter) (Elf:3)
  A two-headed ogre (D:10)
  A wind drake (shapeshifter) (D:11)
  12 deep elf magi
  2 hydra skeletons
  2 griffon zombies
  A black mamba zombie (Snake:4)
  A vampire (D:15)
  7 grizzly bears
  5 basilisks
  5 snapping turtles
  2 wraiths
  A trapdoor spider (D:16)
  A griffon skeleton (D:13)
  5 water elementals
  8 ugly things
  2 wyverns
  7 vampire mosquitoes
  10 hippogriffs
  An elephant slug (Lair:7)
  16 deep elf fighters
  An elf skeleton (D:15)
  A hungry ghost (D:10)
  Grum (D:5)
  A golden eye (shapeshifter) (D:15)
  9 sharks
  65 yaks
  2 hill giant skeletons
  4 hogs (D:16)
  3 mottled dragons
  An ogre skeleton (D:14)
  A soldier ant (D:11)
  25 wolves
  41 nagas
  A necrophage (D:9)
  A hell hound (Lair:8)
  19 orc warriors
  8 giant goldfish
  3 sky beasts
  2 small abominations (Abyss:1)
  A blink frog zombie (D:14)
  10 ice beasts
  20 centaurs
  A swamp drake (shapeshifter) (Elf:2)
  2 phantoms
  7 porcupines
  14 ogres
  4 big kobolds
  A brain worm (D:11)
  A boring beetle (shapeshifter) (D:15)
  8 wargs
  23 water moccasins
  5 giant slugs
  A lost soul (Elf:3)
  17 giant frogs
  2 gnoll sergeants (D:5)
  7 black bears
  Blork the orc (D:8)
  17 crocodiles
  5 agate snails
  A cyclops zombie (D:10)
  A komodo dragon skeleton (D:11)
  A yaktaur skeleton (D:16)
  3 eyes of draining
  2 cyclops skeletons (D:15)
  A grizzly bear zombie (Lair:8)
  2 yak zombies
  A troll zombie (D:9)
  3 elf zombies
  4 jellies
  4 killer bees (D:10)
  12 removed MONS_JELLYFISHs
  A vampire bat (Lair:7)
  A quasit (D:9)
  5 electric eels
  11 crimson imps
  5 wights (D:13)
  3 goliath beetles
  An iron imp (Abyss:1)
  7 big fish
  30 hounds
  6 spiders
  Crazy Yiuf (D:7)
  31 orc priests
  A soldier ant zombie (D:10)
  A water moccasin zombie (Snake:3)
  8 iguanas
  47 orc wizards
  4 scorpions
  An orange rat (Elf:2)
  9 worker ants
  A big kobold skeleton (D:14)
  20 sheep
  A mummy (D:9)
  10 gnolls
  36 adders
  53 green rats
  6 giant centipedes
  An inept feature mimic (D:6)
  A shadow imp (D:6)
  2 giant mites
  A goliath beetle zombie (D:10)
  5 worms
  A sheep zombie (Shoals:1)
  A giant centipede zombie (D:6)
  An iguana zombie (Lair:4)
  A worm simulacrum (D:9)
  An adder skeleton (D:9)
  3 giant eyeballs
  9 giant geckos
  2 oozes
  156 orcs
  A ball python (Snake:4)
  A giant cockroach (D:2)
  18 hobgoblins
  41 jackals
  30 kobolds
  9 quokkas
  33 bats
  9 giant newts
  2 giant spores
  31 goblins
  2 hobgoblin skeletons (D:4)
  3 illusory rakshasas (D:14)
  2 kobold zombies (D:14)
  2 orc skeletons
  9 orc zombies
  A quokka skeleton (D:5)
  43 rats
  11 ballistomycetes
  4 crawling corpses (Elf:3)
  4 plants
1559 creatures vanquished.

Vanquished Creatures (collateral kills)
  A tentacled starspawn (Abyss:1)
  Agnes (Snake:1)
  6 greater nagas
  A balrug (Abyss:1)
  Aizul (Snake:1)
  Wiglaf (Elf:3)
  2 merfolk javelineers
  10 merfolk impalers (Shoals:5)
  A siren (Shoals:3)
  A merfolk aquamancer (Shoals:1)
  17 naga warriors
  A spectral elf (Elf:3)
  5 anacondas
  A satyr (Shoals:5)
  2 death yaks (Lair:8)
  15 naga sharpshooters
  2 thrashing horrors (Abyss:1)
  A centaur warrior (D:12)
  A deep elf knight (Elf:3)
  2 wretched stars (Abyss:1)
  4 sea snakes
  6 shock serpents
  A water nymph (Shoals:1)
  A deep elf summoner (Elf:3)
  An unseen horror (D:15)
  3 harpies (Shoals:1)
  3 hill giants
  8 mana vipers
  An oklob plant (Lair:1)
  3 naga ritualists (Snake:5)
  6 salamanders
  The ghost of Neoxx the Cudgeler, an experienced DsWn of Okawaru (D:5)
  4 cyclopes
  3 deep elf conjurers
  4 griffons
  20 black mambas
  3 manticores
  An elephant (Lair:8)
  3 guardian serpents
  An octopode (Shoals:5)
  6 spiny frogs
  2 efreet (Abyss:1)
  8 naga magi
  A yaktaur zombie (D:16)
  The ghost of Yuof the Chopper, an experienced FoFi (D:8)
  2 fauns (Shoals:4)
  2 mermaids
  4 fire drakes
  2 raiju (Abyss:1)
  15 merfolk
  A komodo dragon (Lair:8)
  A blue devil (Abyss:1)
  A red devil (Abyss:1)
  3 polar bears (Lair:8)
  4 blink frogs
  5 sharks
  A basilisk (Lair:8)
  2 ugly things (D:16)
  5 grizzly bears
  4 snapping turtles
  A chaos spawn (Abyss:1)
  A ynoxinul (Abyss:1)
  7 yaks
  5 water elementals
  2 elephant slugs
  A deep elf mage (Elf:3)
  A dire elephant simulacrum (Abyss:1)
  A vampire mosquito (Lair:3)
  2 hippogriffs
  10 wolves
  39 nagas
  3 orc warriors
  3 hell hounds (Lair:8)
  2 porcupines (Lair:6)
  2 small abominations (Abyss:1)
  A black bear (D:6)
  2 centaurs
  A warg (Lair:8)
  A rotting devil (Orc:4)
  2 giant slugs
  5 water moccasins
  A silver statue (Elf:1)
  A spiny worm simulacrum (D:14)
  3 giant frogs
  3 agate snails
  A killer bee (D:12)
  6 hounds
  A crimson imp (D:14)
  A goliath beetle (D:13)
  A centaur skeleton (D:4)
  2 big fish (D:13)
  A giant frog skeleton (D:4)
  An orc priest (D:3)
  An iguana (D:11)
  4 orc wizards
  3 worker ants
  13 sheep
  9 green rats
  4 gnolls (D:4)
  9 adders
  4 ufetubi
  A giant gecko (D:11)
  19 orcs
  5 jackals
  A quokka (D:5)
  2 ball pythons (Snake:4)
  A bat (Lair:6)
  3 illusory rakshasas (D:14)
  4 orc zombies
  A bush (Lair:8)
  2 crawling corpses (Elf:3)
  9 fungi (Lair:8)
  8 plants
  A starspawn tentacle (Abyss:1)
437 creatures vanquished.

Vanquished Creatures (others)
  7 anaconda zombies
  A stone giant zombie (Abyss:1)
  An iron dragon zombie (Abyss:1)
  5 sea snake zombies
  6 mana viper zombies
  6 shock serpent zombies
  A siren zombie (Shoals:1)
  2 harpy zombies
  A fire drake (Lair:8)
  An ettin zombie (Abyss:1)
  27 black mamba zombies
  A merfolk skeleton (Shoals:5)
  A wind drake zombie (Shoals:5)
  A black mamba skeleton (Snake:5)
  A water nymph zombie (Shoals:2)
  An ogre zombie (Depths:1)
  An orb spider zombie (Lab)
  12 merfolk zombies
  A spiny frog zombie (Lair:8)
  8 elf skeletons
  2 snapping turtle zombies (Shoals:1)
  4 naga skeletons
  2 elephant zombies (Lair:3)
  2 manticore zombies
  2 blink frog zombies (Lair:8)
  3 vampire mosquito zombies (D:13)
  A blink frog skeleton (Lair:3)
  2 fire drake zombies (Lair:8)
  2 octopode zombies
  A mermaid zombie (Shoals:5)
  A giant slug zombie (Lair:7)
  A wyvern zombie (D:13)
  A komodo dragon zombie (D:14)
  9 salamander zombies
  A mermaid skeleton (Shoals:5)
  A hell hound zombie (Lair:8)
  3 cyclops zombies
  A hippogriff zombie (Shoals:5)
  A giant goldfish zombie (Lair:6)
  4 killer bees (D:12)
  28 elf zombies
  A faun zombie (Shoals:4)
  10 yak zombies
  2 grizzly bear zombies (Lair:8)
  A polar bear zombie (Lair:8)
  2 yak skeletons (Lair:5)
  6 wolf zombies (Lair:8)
  A hippogriff skeleton (Lair:8)
  20 crimson imps
  7 hound zombies
  3 black bear zombies (Lair:8)
  15 water moccasin zombies
  A wolf skeleton (Lair:8)
  2 basilisk zombies
  7 centaur zombies
  A soldier ant zombie (D:11)
  2 iron imps (D:5)
  2 spiders (Elf:3)
  4 warg zombies
  A worker ant (Lair:7)
  52 naga zombies
  2 crocodile zombies
  2 tengu zombies
  A spider zombie (Lab)
  An orc priest (Orc:4)
  A big fish zombie (Lair:6)
  9 shadow imps
  20 white imps
  A goliath beetle zombie (D:13)
  2 ufetubi (Abyss:1)
  6 adder skeletons
  7 adder zombies
  2 electric eel zombies (Lair:6)
  29 orc zombies
  11 sheep zombies
  An iguana skeleton (D:11)
  A giant gecko (Lair:6)
  2 bat skeletons
  6 green rat zombies
  2 jackals (Lair:6)
  A kobold (D:9)
  A ball python (Snake:5)
  A ball python zombie (Snake:5)
  2 giant gecko zombies
  2 giant spores
  A goblin zombie (Orc:4)
  4 jackal zombies
  A kobold zombie (D:14)
  An orc skeleton (Orc:4)
  A ballistomycete (D:14)
  7 plants
  A starspawn tentacle (Abyss:1)
  24 starspawn tentacle segments (Abyss:1)
450 creatures vanquished.

Grand Total: 2446 creatures vanquished

Notes
Turn   | Place    | Note
--------------------------------------------------------------
     0 | D:1      | Neoxx, the Demonspawn Wanderer, began the quest for the Orb.
     0 | D:1      | Reached XP level 1. HP: 13/13 MP: 7/7
     2 | D:1      | Learned a level 1 spell: Magic Dart
   338 | D:1      | Gained mutation: You are surrounded by a mild repulsion field (EV +2). [demonic ancestry]
   338 | D:1      | Reached XP level 2. HP: 16/19 MP: 1/9
   482 | D:1      | Learned a level 2 spell: Call Imp
   485 | D:1      | Learned a level 2 spell: Blink
   703 | D:2      | Reached skill level 1 in Summonings
   862 | D:2      | Found an ancient bone altar of Kikubaaqudgha.
   900 | D:2      | Became a worshipper of Kikubaaqudgha
   941 | D:2      | Gained mutation: You have a pair of small horns on your head. [demonic ancestry]
   941 | D:2      | Reached XP level 3. HP: 3/24 MP: 0/11
  1169 | D:2      | Learned a level 3 spell: Mephitic Cloud
  1425 | D:2      | Found an iron altar of Okawaru.
  1427 | D:2      | Found a shimmering altar of Xom.
  1470 | D:2      | Reached skill level 1 in Poison Magic
  1598 | D:2      | Gained mutation: You sometimes gain a little power by taking damage. [demonic ancestry]
  1598 | D:2      | Reached XP level 4. HP: 30/30 MP: 5/13
  1797 | D:3      | Acquired Kikubaaqudgha's first power
  1797 | D:3      | Received a gift from Kikubaaqudgha
  1800 | D:3      | Identified Kikubaaqudgha's Tome of Sinister Rituals (Kikubaaqudgha gifted it to you on level 3 of the Dungeon)
  1805 | D:3      | Learned a level 2 spell: Sublimation of Blood
  2151 | D:3      | Reached skill level 1 in Necromancy
  2493 | D:3      | Found a white marble altar of Elyvilon.
  2493 | D:3      | Found a burning altar of Makhleb.
  2493 | D:3      | Found a shattered altar of Ashenzari.
  2545 | D:3      | Reached skill level 1 in Shields
  2565 | D:3      | Reached XP level 5. HP: 35/35 MP: 3/15
  2655 | D:3      | Found a deep blue altar of Sif Muna.
  2812 | D:4      | Noticed an ogre
  2822 | D:4      | Killed an ogre
  2858 | D:4      | Reached XP level 6. HP: 41/41 MP: 10/17
  2883 | D:4      | Paralysed by a giant eyeball for 3 turns
  2939 | D:4      | Acquired Kikubaaqudgha's second power
  2995 | D:4      | Noticed a phantom
  3229 | D:4      | Killed a phantom
  3580 | D:4      | Noticed an ogre
  3595 | D:4      | Killed an ogre
  3595 | D:4      | Reached XP level 7. HP: 46/46 MP: 8/18
  3612 | D:4      | Got a bloodstained trident
  3613 | D:4      | Identified the +7,+1 trident of Sudden Death {pierce, Hunger+ rElec rPois SInv} (You found it on level 4 of the Dungeon)
  3648 | D:4      | Learned a level 3 spell: Vampiric Draining
  3810 | D:4      | Found a bloodstained altar of Trog.
  3851 | D:5      | Entered Level 5 of the Dungeon
  3871 | D:5      | Found Surecuq's Gadget Emporium.
  3912 | D:5      | Noticed Neoxx's ghost (experienced DsWn)
  4007 | D:5      | Killed Neoxx's ghost
  4007 | D:5      | Reached skill level 5 in Conjurations
  4133 | D:5      | Found a staircase to the Ecumenical Temple.
  4181 | D:5      | Reached skill level 5 in Necromancy
  4345 | D:5      | Noticed Grum
  4387 | D:5      | Killed Grum
  4387 | D:5      | Reached skill level 6 in Conjurations
  4387 | D:5      | Reached skill level 1 in Translocations
  4387 | D:5      | Gained mutation: You have a pair of horns on your head. [demonic ancestry]
  4387 | D:5      | Reached XP level 8. HP: 10/52 MP: 1/19
  4830 | D:5      | Received a gift from Kikubaaqudgha
  4831 | D:5      | Identified Kikubaaqudgha's Handbook of Necromancy (Kikubaaqudgha gifted it to you on level 5 of the Dungeon)
  5017 | D:5      | Got a glittering emerald amulet
  5019 | D:5      | Identified the amulet "Rouxof Enipp" {Faith Dex-2 Int+2} (You found it on level 5 of the Dungeon)
  5185 | D:6      | Reached skill level 7 in Conjurations
  5259 | D:6      | Found a white marble altar of Elyvilon.
  5331 | D:6      | Paralysed by a giant eyeball for 2 turns
  5510 | D:6      | Learned a level 2 spell: Repel Missiles
  5698 | D:6      | Got an iridescent falchion
  5699 | D:6      | Identified the +7,+8 falchion "Fidyes Hoti" {speed, rN+ SInv Stlth+} (You found it on level 6 of the Dungeon)
  5731 | D:6      | Reached skill level 1 in Charms
  5771 | D:7      | Acquired Kikubaaqudgha's third power
  5866 | D:7      | Reached XP level 9. HP: 57/57 MP: 2/21
  5917 | D:7      | Found a basalt altar of Yredelemnul.
  5945 | D:7      | Got a dull robe
  5951 | D:7      | Identified the cursed +2 robe of Jaocw {Dex+2 Int-4} (You found it on level 7 of the Dungeon)
  6008 | D:7      | Reached skill level 5 in Spellcasting
  6498 | D:7      | Noticed Crazy Yiuf
  6508 | D:7      | Killed Crazy Yiuf
  6635 | D:8      | Noticed Maurice
  6655 | D:8      | Killed Maurice
  6819 | D:8      | Learned a level 5 spell: Bolt of Draining
  6909 | D:8      | Noticed Psyche
  6912 | D:8      | Killed Psyche
  7024 | D:8      | Noticed Blork the orc
  7040 | D:8      | Killed Blork the orc
  7040 | D:8      | Reached skill level 8 in Spellcasting
  7137 | D:8      | Acquired Kikubaaqudgha's fourth power
  7316 | D:8      | Noticed Yuof's ghost (experienced FoFi)
  7419 | D:8      | Killed Yuof's ghost
  7615 | D:9      | Learned a level 5 spell: Dispel Undead
  7706 | D:9      | Reached skill level 9 in Spellcasting
  7706 | D:9      | Reached XP level 10. HP: 37/63 MP: 28/28
  8492 | D:9      | Reached skill level 10 in Spellcasting
  8594 | D:9      | Found Qebbagamn's Magical Wand Shoppe.
  8851 | D:10     | Entered Level 10 of the Dungeon
  8986 | D:10     | Reached skill level 1 in Fighting
  9011 | D:10     | Reached skill level 1 in Long Blades
  9115 | D:10     | Reached skill level 1 in Stealth
  9325 | D:10     | Reached skill level 1 in Dodging
  9381 | D:10     | Noticed Fannar
  9584 | D:10     | Found a staircase to the Lair.
  9822 | Lair:1   | Entered Level 1 of the Lair of Beasts
  9822 | Lair:1   | Found a white marble altar of Elyvilon.
  9822 | Lair:1   | Noticed an oklob plant
  9871 | Lair:1   | You fall through a shaft!
  9881 | Lair:2   | Gained mutation: You are surrounded by a moderate repulsion field (EV +3). [demonic ancestry]
  9881 | Lair:2   | Reached XP level 11. HP: 56/73 MP: 24/30
 11029 | Lair:2   | Learned a level 4 spell: Animate Dead
 11508 | Lair:1   | Found a basalt altar of Yredelemnul.
 12044 | Lair:1   | Killed an oklob plant
 12255 | Lair:3   | Found a labyrinth entrance.
 12278 | Lab      | Entered a labyrinth
 12351 | Lab      | Reached skill level 5 in Long Blades
 12361 | Lab      | Noticed a catoblepas
 12729 | Lab      | Noticed a minotaur
 12784 | Lab      | Killed a minotaur
 12830 | Lab      | Got a flickering iron ring
 12830 | Lab      | Identified the Catalogue of Sinister Cold
 12831 | Lab      | Got a faintly humming large shield
 12842 | Lab      | Identified the +1 large shield of Curiosity {Str-4 Dex+4} (You found it in a labyrinth)
 12945 | Lair:3   | Reached skill level 5 in Evocations
 12961 | Lair:3   | Reached XP level 12. HP: 58/84 MP: 8/31
 13128 | Lair:3   | Upgraded the game from 0.14-a0-2644-gcc8e764 to 0.14-a0-2679-gcb94c3d
 13323 | Lair:3   | Reached skill level 5 in Stealth
 13391 | Lair:3   | Noticed a six-headed hydra
 13397 | Lair:3   | Killed a six-headed hydra
 13513 | Lair:3   | Learned a level 3 spell: Regeneration
 13522 | Lair:3   | Found a staircase to the Snake Pit.
 13733 | Lair:3   | Reached skill level 5 in Fighting
 13903 | Lair:3   | Found a staircase to the Swamp.
 13924 | Lair:3   | the staircase to the Swamp was a mimic.
 14094 | Lair:4   | Noticed Erica
 14103 | Lair:4   | Killed Erica
 14111 | Lair:3   | Reached skill level 5 in Shields
 14299 | Lair:4   | Reached XP level 13. HP: 91/91 MP: 32/32
 14858 | Lair:4   | Identified the ring of Suspicion {Str+3 Dex-2} (You found it in a labyrinth)
 14971 | Lair:4   | Reached skill level 10 in Long Blades
 15254 | Lair:4   | Found a staircase to the Shoals.
 15454 | Lair:5   | Noticed mopl's ghost (powerful DjHe)
 15529 | Lair:5   | Killed mopl's ghost
 15839 | Lair:5   | Reached skill level 5 in Dodging
 16390 | Lair:6   | Reached skill level 11 in Spellcasting
 17115 | Lair:7   | Gained mutation: You are partially covered in sharp spines. [demonic ancestry]
 17115 | Lair:7   | Reached XP level 14. HP: 75/99 MP: 19/33
 17185 | Lair:7   | Found a viscous altar of Jiyva.
 17185 | Lair:7   | Found a staircase to the Slime Pits.
 17979 | Lair:8   | Entered Level 8 of the Lair of Beasts
 18316 | Lair:8   | Got an ichor-stained hat
 18319 | Lair:8   | Identified the +2 hat "Hiub" {Str-5 Dex+4} (You found it on level 8 of the Lair of Beasts)
 18627 | Lair:8   | Got an iridescent sling
 18629 | Lair:8   | Identified the +5,+11 sling of Pestilence {velocity, rF+ rN+ Stlth++} (You found it on level 8 of the Lair of Beasts)
 19016 | Lair:8   | Got a steaming cutlass
 19017 | Lair:8   | Identified the +5,+6 cutlass of Conformity {drain, rF++} (You found it on level 8 of the Lair of Beasts)
 20270 | D:11     | Found a staircase to the Orcish Mines.
 21692 | D:12     | Found Trysaloi's Magic Scroll Boutique.
 21720 | D:12     | Bought a scroll of identify for 26 gold pieces
 21720 | D:12     | Bought a scroll of identify for 26 gold pieces
 22518 | D:13     | Paralysed by a giant eyeball for 2 turns
 22624 | D:13     | Gained mutation: You are mostly covered in sharp spines. [demonic ancestry]
 22624 | D:13     | Reached XP level 15. HP: 103/105 MP: 25/34
 22627 | D:13     | Reached skill level 1 in Armour
 22865 | D:13     | Reached skill level 10 in Shields
 23575 | D:14     | Noticed Snorg
 23596 | D:14     | Killed Snorg
 23972 | D:14     | Got an ancient robe
 24138 | D:14     | Identified the cursed -4 robe "Fojitz" {MR+ Str+1 Acc-5} (You took it off a centaur on level 14 of the Dungeon)
 24443 | Orc:1    | Entered Level 1 of the Orcish Mines
 24881 | Orc:3    | Found a staircase to the Elven Halls.
 25266 | Orc:2    | Found Pidd's Armour Emporium.
 25445 | Orc:2    | Bought a +1 pair of gloves of dexterity for 190 gold pieces
 25552 | Orc:4    | Entered Level 4 of the Orcish Mines
 25557 | Orc:4    | Found a radiant altar of Vehumet.
 27068 | Orc:4    | Reached skill level 12 in Spellcasting
 27386 | Orc:4    | Found Gofisunk's Armour Emporium.
 27386 | Orc:4    | Found Wuyfam's General Store.
 27386 | Orc:4    | Found Cugab's Jewellery Emporium.
 27395 | Orc:4    | Found Afrayk's General Store.
 27411 | Orc:4    | Bought an uncursed amulet of resist corrosion for 280 gold pieces
 28035 | D:15     | Entered Level 15 of the Dungeon
 28705 | D:2      | Received a gift from Kikubaaqudgha
 29001 | Lair:2   | Learned a level 6 spell: Simulacrum
 29031 | Snake:1  | Entered Level 1 of the Snake Pit
 29357 | Snake:1  | Noticed Aizul
 29581 | Snake:1  | Reached skill level 5 in Armour
 29604 | Snake:1  | Killed Aizul
 29714 | Snake:1  | Noticed Agnes
 29738 | Snake:1  | Killed Agnes
 30435 | Snake:2  | Noticed wojtek's ghost (mighty KoAs)
 30487 | Snake:2  | Killed wojtek's ghost
 30618 | Snake:2  | Learned a level 1 spell: Apportation
 30657 | Snake:2  | Gained mutation: You sometimes gain power by taking damage. [demonic ancestry]
 30657 | Snake:2  | Reached XP level 16. HP: 113/113 MP: 27/36
 31725 | Snake:3  | Identified a scroll of acquirement
 32199 | Snake:4  | Gained mutation: You can spit poison. [potion of beneficial mutation]
 32341 | Snake:4  | Got a pitted plate armour
 32342 | Snake:4  | Identified the +2 plate armour "Faorghocs" {Dex-3 Int-4} (You found it on level 4 of the Snake Pit)
 33175 | Snake:5  | Entered Level 5 of the Snake Pit
 33454 | Snake:5  | Reached skill level 13 in Spellcasting
 33461 | Snake:5  | Reached skill level 5 in Ice Magic
 33656 | Snake:5  | Got a pair of slimy boots
 33659 | Snake:5  | Identified the +0 pair of boots of the Lily {rC+ Int-1} (You found it on level 5 of the Snake Pit)
 33798 | Snake:5  | Reached skill level 5 in Air Magic
 34335 | Snake:5  | Reached skill level 10 in Necromancy
 34585 | Snake:5  | Got a serpentine rune of Zot
 34706 | Snake:5  | Gained mutation: You are completely covered in sharp spines. [demonic ancestry]
 34706 | Snake:5  | Reached XP level 17. HP: 95/119 MP: 37/37
 35532 | Snake:4  | Learned a level 6 spell: Freezing Cloud
 35743 | Lair:2   | Upgraded the game from 0.14-a0-2679-gcb94c3d to 0.14-a0-2691-g997c442
 35817 | Shoals:1 | Entered Level 1 of the Shoals
 35817 | Shoals:1 | Noticed Roxanne
 35899 | Shoals:1 | Reached skill level 14 in Spellcasting
 36023 | Shoals:1 | Noticed Rupert
 36042 | Shoals:1 | Killed Rupert
 36055 | Shoals:1 | Noticed Donald
 36094 | Shoals:1 | Killed Donald
 36485 | Shoals:2 | Got an ichor-stained glaive
 36512 | Shoals:2 | Identified the +2,+6 glaive "Semmoemm" {slay drac, +Rage rC+} (You found it on level 2 of the Shoals)
 36879 | Shoals:3 | Found Ubits' Food Boutique.
 37627 | Shoals:1 | Killed Roxanne
 37899 | Orc:4    | Bought an uncursed ring of flight for 245 gold pieces
 38364 | Shoals:3 | Got a shimmering scale mail
 38365 | Shoals:3 | Identified the +0 scale mail of Springtime {Str+3} (You acquired it on level 3 of the Shoals)
 38517 | Shoals:4 | Found Psoh's Assorted Antiques.
 38540 | Shoals:4 | Bought a potion of heal wounds for 72 gold pieces
 38540 | Shoals:4 | Bought a potion of restore abilities for 72 gold pieces
 38540 | Shoals:4 | Bought a paperback book for 360 gold pieces
 38540 | Shoals:4 | Bought a scroll labeled PREXILO BLONUWK for 24 gold pieces
 38540 | Shoals:4 | Bought a potion of curing for 48 gold pieces
 38540 | Shoals:4 | Bought a scroll of enchant armour for 132 gold pieces
 38859 | Shoals:5 | Entered Level 5 of the Shoals
 39298 | Shoals:5 | Noticed Ilsuiw
 39311 | Shoals:5 | Killed Ilsuiw
 39463 | Shoals:5 | Reached XP level 18. HP: 74/125 MP: 2/38
 39485 | Shoals:5 | Your ally Ilsuiw died
 39529 | Shoals:5 | Got a barnacled rune of Zot
 39779 | Shoals:5 | Got a glittering tin ring
 39782 | Shoals:5 | Identified the ring "Ramawnicri" {SustAb Int+4} (You found it on level 5 of the Shoals)
 40220 | Elf:1    | Entered Level 1 of the Elven Halls
 40876 | Elf:1    | Reached skill level 15 in Spellcasting
 42142 | Elf:2    | Found Skup's Distillery.
 42275 | Elf:3    | Entered Level 3 of the Elven Halls
 42278 | Elf:3    | Noticed Mara
 42293 | Elf:3    | Noticed Mara
 42293 | Elf:3    | Noticed Mara
 42321 | Elf:2    | Noticed Mara
 42321 | Elf:2    | Noticed Mara
 42615 | Elf:3    | Noticed Wiglaf
 42960 | Elf:3    | Killed Wiglaf
 43112 | Elf:2    | Noticed Mara
 43112 | Elf:2    | Noticed Mara
 43284 | Elf:3    | Noticed a Brimstone Fiend
 43375 | Elf:3    | Noticed a Brimstone Fiend
 43384 | Elf:3    | Got a shimmering troll leather armour
 43385 | Elf:3    | Identified the +1 troll leather armour "Frash" {rN+} (You took it off a deep elf demonologist on level 3 of the Elven Halls)
 43498 | Elf:3    | Found Sillajae's Magical Wand Boutique.
 43606 | Elf:3    | Got a twisted falchion
 43607 | Elf:3    | Identified the +9,+11 falchion of Checks and Balances {vamp, Dex+3 Stlth--} (You took it off a deep elf demonologist on level 3 of the Elven Halls)
 43678 | Elf:3    | Noticed a Brimstone Fiend
 43772 | Elf:3    | Got a dazzling mace {flame}
 43773 | Elf:3    | Identified the cursed +0,+0 mace "Jeko" {flame, Stlth+} (You took it off a deep elf annihilator on level 3 of the Elven Halls)
 44160 | Elf:3    | Reached skill level 16 in Spellcasting
 44395 | Elf:3    | Identified the Incunabulum of Mutagenic Evil
 44468 | Elf:3    | Identified the Catalogue of Moulding and Orientation
 44887 | Lair:2   | Learned a level 6 spell: Haste
 45165 | D:10     | Killed Fannar
 45338 | D:15     | Identified Witchcraft for Beginners
 45382 | D:15     | Found a gate to the Vaults.
 45953 | D:15     | Noticed Louise
 45956 | D:15     | Cast into the Abyss (Louise)
 46015 | Abyss:1  | Reached XP level 19. HP: 131/131 MP: 38/40
 46345 | Abyss:1  | Found a corrupted altar of Lugonu.
 46407 | D:15     | Escaped the Abyss
 46411 | D:15     | Killed Louise
 46629 | D:16     | Entered Level 16 of the Dungeon
 47036 | D:16     | Found a bloodstained altar of Trog.
 47130 | D:16     | Noticed Kirke
 47141 | D:16     | Killed Kirke
 47490 | D:16     | Found a staircase to the Depths.
 47701 | Depths:1 | Entered Level 1 of the Depths
 47701 | Depths:1 | Found a one-way gate to the infinite horrors of the Abyss.
 47874 | Depths:1 | Mangled by an ettin simulacrum

Action                   |  1- 3 |  4- 6 |  7- 9 | 10-12 | 13-15 | 16-18 | 19-21 || total
-------------------------+-------+-------+-------+-------+-------+-------+-------++-------
Melee: Club              |     6 |       |       |       |       |       |       ||     6
       Mace              |    11 |    19 |    20 |       |       |       |       ||    50
       Unarmed           |       |     2 |       |       |       |    13 |       ||    15
       Trident           |       |       |    91 |   389 |   423 |    81 |       ||   984
       Falchion          |       |       |    42 |   160 |  2143 |  1647 |   329 ||  4321
       Spear             |       |       |     8 |       |       |       |       ||     8
       Demon trident     |       |       |       |       |       |    26 |     9 ||    35
       Staff             |       |       |       |       |       |    12 |     1 ||    13
 Fire: Blowgun           |       |       |     3 |     7 |       |       |       ||    10
Throw: Stone             |     9 |     3 |       |       |       |       |       ||    12
 Cast: Magic Dart        |    79 |   181 |   244 |   355 |   187 |   152 |     2 ||  1200
       Call Imp          |     8 |    28 |    82 |    26 |       |       |       ||   144
       Mephitic Cloud    |       |     2 |    30 |    77 |   128 |   102 |       ||   339
       Sublimation of Bl |       |    14 |    52 |    93 |    70 |   214 |    19 ||   462
       Vampiric Draining |       |       |    17 |    93 |    97 |    20 |       ||   227
       Blink             |       |       |     4 |    15 |     8 |     1 |       ||    28
       Bolt of Draining  |       |       |     4 |    25 |    73 |   315 |    42 ||   459
       Repel Missiles    |       |       |     1 |     1 |     6 |    12 |       ||    20
       Dispel Undead     |       |       |       |    17 |    28 |     3 |     3 ||    51
       Animate Dead      |       |       |       |    11 |   135 |   150 |     7 ||   303
       Regeneration      |       |       |       |     9 |   102 |   150 |    13 ||   274
       Apportation       |       |       |       |       |       |     4 |     6 ||    10
       Simulacrum        |       |       |       |       |       |     3 |       ||     3
Invok: Receive Corpses   |       |       |       |     5 |    11 |    65 |     4 ||    85
       Torment           |       |       |       |       |     1 |     1 |       ||     2
 Abil: Evoke Teleportati |       |       |       |     2 |       |     1 |       ||     3
       Evoke Flight      |       |       |       |       |       |     8 |       ||     8
Evoke: Wand              |       |       |     2 |    10 |     6 |    15 |     2 ||    35
       Lamp of fire      |       |       |       |       |       |     1 |       ||     1
       Sack of spiders   |       |       |       |       |       |     1 |       ||     1
  Use: Potion            |     1 |       |       |     3 |     2 |     4 |       ||    10
       Scroll            |       |     1 |    24 |    13 |    14 |    34 |       ||    86
 Stab: Confused          |       |       |     2 |    32 |    63 |    48 |       ||   145
       Sleeping          |       |       |       |     3 |    23 |    10 |     2 ||    38
       Paralysed         |       |       |       |     1 |       |       |       ||     1
       Distracted        |       |       |       |     1 |    17 |    27 |       ||    45
       Fleeing           |       |       |       |       |     1 |       |       ||     1
       Invisible         |       |       |       |       |       |     1 |       ||     1
